 Dungeon Crawl Stone Soup version 0.29-a0-582-ge82337ba6a (webtiles) character file.

Game seed: 9117753202495029548

191 beeps the Changer (level 6, -3/47 HPs)
             Began as a Meteoran Wanderer on June 14, 2022.
             Was a Follower of Qazlal.
             Slain by a lemure (8 damage)
             ... led by Pikel
             ... on level 4 of the Dungeon.
             The game lasted 00:09:24 (2408 turns).

beeps the Changer (Meteoran Wanderer)               Turns: 2408, Time: 00:09:25

Health: -3/47      AC:  5    Str: 19    XL:     6   Next: 22%
Magic:  11/11      EV: 11    Int: 15    God:    Qazlal [*.....]
Gold:   118        SH:  2    Dex:  9    Spells: 9/10 levels left

rFire   . . .      SeeInvis .     - Unarmed
rCold   . . .      Faith    .   (no shield)
rNeg    . . .      Spirit   .   l - +0 ring mail
rPois   .          Reflect  .   (no helmet)
rElec   .          Harm     .   t - scarf {repulsion}
rCorr   .          Rampage  .   (no gloves)
Will    .....                   (no boots)
Stlth   +.........              (no amulet)
HPRegen 0.15/turn               (no ring)
MPRegen 0.12/turn               (no ring)

@: glowing, repel missiles
A: sense surroundings 1, otherworldly, glowing, explore regen
a: Renounce Religion


You were on level 4 of the Dungeon.
You worshipped Qazlal.
Qazlal was aware of your devotion.
You visited 1 branch of the dungeon, and saw 6 of its levels.

You collected 118 gold pieces.

Inventory:

Hand Weapons
 a - a +0 hand crossbow
 f - a +0 dagger
Missiles
 s - 32 stones
Armour
 d - a +0 leather armour
 l - a +0 ring mail (worn)
 t - a scarf of repulsion (worn)
Wands
 b - a wand of flame (5)
 o - a wand of iceblast (2)
Scrolls
 e - a scroll of summoning {unknown}
 h - a scroll of immolation {unknown}
 k - 2 scrolls of identify {unknown}
 m - a scroll of noise {unknown}
 n - 2 scrolls of fear {unknown}
 r - 4 scrolls of fog {unknown}
Potions
 c - 2 potions of attraction
 g - a potion of mutation {unknown}
 i - a potion of brilliance {unknown}
 j - 3 potions of degeneration {unknown}
 p - 3 potions of curing {unknown}
 q - a potion of invisibility {unknown}


   Skills:
 - Level 1.1 Fighting
 - Level 3.2 Crossbows
 + Level 2.7 Dodging
 - Level 1.0 Stealth
 * Level 3.5 Unarmed Combat
 - Level 2.6 Spellcasting
 + Level 4.7 Transmutations
 - Level 2.4 Evocations


You had 9 spell levels left.
You knew the following spells:

 Your Spells              Type           Power      Damage    Failure   Level
a - Beastly Appendage     Tmut           32%        N/A       5%          1

Your spell library contained the following spells:

 Spells                   Type           Power      Damage    Failure   Level
 Spider Form              Tmut/Pois      9%         N/A       38%         3
 Ice Form                 Ice/Tmut       9%         N/A       80%         4


Dungeon Overview and Level Annotations

Branches:
Dungeon (6/15)
 Temple: D:4-7

Altars:
Qazlal

Annotations:
D:5 Dowan, Duvessa, Grinder, Pikel


Innate Abilities, Weirdness & Mutations

You passively map a small area around you.
You are easily found by Zot.
You glow in the dark.
You regain HP and MP as you explore.


Message History

The lemure hits you but does no damage. The lemure hits you.
You hit the lemure but do no damage. Your kick misses the lemure.
The lemure is almost dead.
The lemure hits you. x2
You hit the lemure.
You kill the lemure!
That felt strangely unrewarding.
The lemure hits you but does no damage.
You miss the lemure. You claw the lemure.
The lemure is lightly wounded.
You hit the lemure. You claw the lemure, but do no damage.
You headbutt the lemure.
The lemure is heavily wounded.
The lemure misses you.
You barely miss the lemure. You claw the lemure.
The lemure is heavily wounded.
The lemure hits you.
You hit the lemure. Your kick misses the lemure.
Your headbutt misses the lemure.
The lemure is heavily wounded.
The lemure misses you.
You barely miss the lemure. Your kick misses the lemure.
Your headbutt misses the lemure.
The lemure is heavily wounded.
Your horns disappear.
Your talons disappear.
The lemure hits you.
* * * LOW HITPOINT WARNING * * *
You hit the lemure.
The lemure is severely wounded.
The lemure hits you.
* * * LOW HITPOINT WARNING * * *
You closely miss the lemure.
The lemure is severely wounded.
The lemure barely misses you.
You closely miss the lemure.
The lemure is severely wounded.
The lemure hits you but does no damage.
You hit the lemure but do no damage.
The lemure is severely wounded.
The lemure hits you!
You die...

....##.# .##.##.#
#.#.#.## ###### ##...##
#....# ##.## #.##.# #.#
#.##.# #.# #.##.# #.#
#)##.##########
#.######.##...@5>....#
###.........##########.#
#...#.##.#..# #.#
..>...##.#..# #.#######
............# #.......#
......##.##.# #######.#
....#.##.##.# #.#
###.#.......# #.#
###.###...### #.#


You could see a lemure.

Vanquished Creatures
  A lemure (D:4)
  2 scorpions
  3 adders
  2 worms
  2 dart slugs
  An orc (D:3)
  3 bats
  5 endoplasms
  3 giant cockroaches
  4 goblins
  A hobgoblin (D:4)
  A kobold (D:2)
  4 quokkas
  4 ball pythons
  A rat (D:2)
37 creatures vanquished.

Notes
Turn   | Place    | Note
-------+----------+-------------------------------------------
     0 | D:1      | beeps the Meteoran Wanderer began the quest for the Orb.
     0 | D:1      | beeps set off with the following items: a +0 hand crossbow,
                  | a wand of flame (5), a potion of attraction, a +0 leather
                  | armour; and the following spell memorised: Beastly
                  | Appendage; and the following spells available to memorise:
                  | Spider Form, Ice Form
     0 | D:1      | Reached XP level 1. HP: 14/14 MP: 3/3
   224 | D:1      | Reached XP level 2. HP: 13/22 MP: 5/5
   373 | D:1      | Found a faded altar of an unknown god.
   378 | D:1      | Prayed at the altar of an unknown god.
   378 | D:1      | Became a worshipper of Qazlal Stormbringer
   378 | D:1      | Reached * piety under Qazlal
   450 | D:1      | Reached skill level 1 in Dodging
   479 | D:1      | Glimpsed the power of Zot.
   636 | D:2      | Reached skill level 1 in Fighting
   644 | D:2      | Reached XP level 3. HP: 9/28 MP: 5/7
   756 | D:2      | Reached skill level 4 in Transmutations
  1057 | D:2      | Glimpsed the power of Zot.
  1375 | D:3      | Reached skill level 1 in Unarmed Combat
  1477 | D:4      | Reached XP level 4. HP: 34/35 MP: 8/8
  1584 | D:4      | You fall into a shaft and drop 2 floors!
  1605 | D:5      | Entered Level 5 of the Dungeon
  1610 | D:5      | Noticed a scorpion
  1618 | D:5      | Killed a scorpion
  1619 | D:5      | Reached XP level 5. HP: 35/40 MP: 7/10
  2037 | D:4      | Reached XP level 6. HP: 11/47 MP: 11/11
  2383 | D:5      | Noticed Duvessa
  2383 | D:5      | Noticed Dowan
  2383 | D:5      | Noticed Pikel
  2383 | D:5      | Noticed Grinder
  2383 | D:5      | Noticed an ice beast
  2408 | D:4      | Slain by a lemure

Illustrated notes

Levels and vault maps discovered:
D:1:      sevenhm_arrival_forest_fort_small_4, layout_loops_ring,
          ebering_ecumenical_altar_petrified
D:2:      layout_loops_ring
D:3:      layout_basic
D:4:      layout_loops_ring, roderic_st_hans_cross
D:5:      layout_loops_cross, minmay_temple_entry_butterflies, uniq_menkaure,
          uniq_duvessa, uniq_crazy_yiuf_cottage, uniq_pikel, uniq_grinder
D:6:      layout_loops_cross, serial_shops, shop, minmay_crystal_room,
          minivault_5, uniq_sigmund

Skill      XL: |  1  2  3  4  5 |
---------------+----------------+-----
Dodging        | 1 2 |  2.7
Fighting       | 1 |  1.1
Spellcasting   | 2 |  2.6
Transmutations | 4 |  4.7
Unarmed Combat | 1 2 3 |  3.5
Crossbows      | |  3.2
Stealth        | |  1.0
Evocations     | |  2.4

Action                   |  1- 3 |  4- 6 || total
-------------------------+-------+-------++-------
Melee: Unarmed           |       |    49 ||    49
       Headbutt          |       |     4 ||     4
       Kick              |       |    13 ||    13
 Fire: Hand crossbow     |   136 |    35 ||   171
 Cast: Beastly Appendage |     2 |     6 ||     8
Armor: Leather armour    |    24 |       ||    24
       Ring mail         |     5 |    21 ||    26
Dodge: Dodged            |    35 |    29 ||    64
       Repelled          |       |     1 ||     1
Block: Other             |     4 |     6 ||    10

Table legend: (Time is in decaauts)
 A = Elapsed time spent in this place.
 B = Non-inter-level travel time spent in this place.
 C = Inter-level travel time spent in this place.
 D = Time resting spent in this place.
 E = Time spent auto-exploring this place.
 F = Levels seen in this place.
 G = Mean time per level.
                   A        B        C        D        E       F      G
               +--------+--------+--------+--------+--------+-----+--------+
         Total |   2472 |   2370 |    102 |    206 |   1642 |   6 |  412.0 |
       Dungeon |   2472 |   2370 |    102 |    206 |   1642 |   6 |  412.0 |
               +--------+--------+--------+--------+--------+-----+--------+

Top non-repeatable levels by time:
     D:4: 717 daAuts
     D:2: 580 daAuts
     D:1: 536 daAuts
     D:3: 394 daAuts
     D:5: 222 daAuts
     D:6: 20 daAuts
